 Dungeon Crawl Stone Soup version 0.22-a0-612-gd2f0174 (webtiles) character file.

60330 digijack the Protected (level 14, -2/96 HPs)
             Began as a Gargoyle Fighter on July 11, 2018.
             Was the Champion of Okawaru.
             Slain by a wolf spider (10 damage)
             ... on level 1 of the Spider Nest.
             The game lasted 02:26:22 (21771 turns).

digijack the Protected (Gargoyle Fighter)          Turns: 21771, Time: 02:26:23

Health: -2/96      AC: 22    Str: 23    XL:     14   Next: 99%
Magic:  12/15      EV:  8    Int: 10    God:    Okawaru [******]
Gold:   1113       SH:  0    Dex: 11    Spells: 10/14 levels left

rFire    + + +     SeeInvis .   C - +6 great mace of the Badger {flame, rElec rPois rF+ Dex-2}
rCold    + . .     Gourm    .   (shield currently unavailable)
rNeg     + . .     Faith    .   s - +5 chain mail {MR+}
rPois    ∞         Spirit   .   g - +2 helmet
rElec    +         Reflect  .   x - scarf {rC+ rF+}
rCorr    .         Harm     .   l - +3 pair of gloves of Free Expression {Str+3}
MR       ++...                  i - +0 pair of boots
Stlth    ..........             r - amulet of rage
HPRegen  0.26/turn              t - ring of wizardry
MPRegen  0.14/turn              (no ring)

@: corroded
A: big wings, fire resistance 1, negative energy resistance 1, electricity
resistance, unbreathing, petrification resistance, no potion heal 1, rot
immunity, MP-powered wands, AC +10
a: Fly, Heroism, Finesse, Renounce Religion, Evoke Berserk Rage


You were on level 1 of the Spider Nest.
You worshipped Okawaru.
Okawaru was exalted by your worship.
You were not hungry.

You visited 5 branches of the dungeon, and saw 19 of its levels.
You also visited: Sewer and Ice Cave.

You collected 1113 gold pieces.

Inventory:

Hand Weapons
 C - the +6 great mace of the Badger (weapon) {flame, rElec rPois rF+ Dex-2}
   (Okawaru gifted it to you on level 10 of the Dungeon)

   It has been specially enchanted to burn those struck by it, causing extra
   injury to most foes and up to half again as much damage against particularly
   susceptible opponents.
   It affects your dexterity (-2).
   It protects you from fire.
   It insulates you from electricity.
   It protects you from poison.
Missiles
 j - 485 stones (quivered)
Armour
 c - a +1 shield
 g - a +2 helmet (worn)
 i - a +0 pair of boots (worn)
 l - the +3 pair of gloves of Free Expression (worn) {Str+3}
   (Okawaru gifted it to you on level 6 of the Lair of Beasts)

   It affects your strength (+3).
 s - a +5 chain mail of magic resistance (worn)
 w - a +1 cloak of cold resistance
 x - a scarf of resistance (worn)
Jewellery
 r - an amulet of rage (around neck)
 t - a ring of wizardry (left hand)
Wands
 b - a wand of digging (2)
 y - a wand of random effects (25)
 D - a wand of flame (35)
Scrolls
 e - 13 scrolls of identify
 h - 8 scrolls of remove curse
 o - 2 scrolls of magic mapping
 q - 2 scrolls of teleportation
 u - 2 scrolls of amnesia
 v - 3 scrolls of blinking
Potions
 a - 3 potions of resistance
 d - 4 potions of might
 k - 4 potions of flight
 m - 2 potions of haste {unknown}
 n - 11 potions of curing
 p - 4 potions of brilliance
 A - 2 potions of agility
 E - a potion of heal wounds
Comestibles
 f - 35 rations
 z - a chunk of flesh


   Skills:
 + Level 14.7 Fighting
 + Level 13.5 Maces & Flails
 - Level 1.7 Throwing
 + Level 14.7 Armour
 - Level 12.0 Shields
 - Level 0.6 Spellcasting
 - Level 0.6 Charms


You had 10 spell levels left.
You knew the following spells:

 Your Spells              Type           Power        Failure   Level  Hunger
a - Regeneration          Chrm/Necr      #.........   82%         3    ####...
b - Pain                  Necr           #...         52%         1    ##.....

Your spell library contained the following spells:

 Spells                   Type           Power        Failure   Level  Hunger
 Magic Dart               Conj           #...         52%         1    ##.....
 Throw Frost              Conj/Ice       #.....       65%         2    ###....
 Iskenderun's Mystic Bla  Conj           #.......     99%         4    #####..
 Animate Dead             Necr           N/A          99%         4    #####..
 Animate Skeleton         Necr           N/A          52%         1    ##.....
 Vampiric Draining        Necr           #.........   86%         3    ####...
 Freeze                   Ice            #...         52%         1    ##.....
 Summon Ice Beast         Ice/Summ       #.......     99%         4    #####..
 Ozocubu's Armour         Chrm/Ice       #.......     82%         3    ####...
 Throw Icicle             Conj/Ice       #.......     99%         4    #####..
 Call Canine Familiar     Summ           #.......     86%         3    ####...
 Summon Butterflies       Summ           #.......     52%         1    ##.....
 Summon Hydra             Summ           #.........   100%        7    #######
 Shroud of Golubria       Chrm/Tloc      #.........   61%         2    ###....
 Fulminant Prism          Conj/Hex       #.........   99%         4    #####..
 Dazzling Spray           Conj/Hex       #.....       86%         3    ####...
 Force Lance              Conj/Tloc      #.......     99%         4    #####..
 Infusion                 Chrm           #...         43%         1    ##.....
 Song of Slaying          Chrm           #.......     56%         2    ###....
 Spectral Weapon          Hex/Chrm       #.......     82%         3    ####...
 Searing Ray              Conj           #.....       65%         2    ###....
 Summon Mana Viper        Hex/Summ       #.......     100%        5    ######.


Dungeon Overview and Level Annotations

Branches:
Dungeon (10/15)            Temple (1/1) D:5            Lair (6/6) D:10
 Shoals (0/4) Lair:4       Spider (1/4) Lair:2        Slime (0/5) Lair:6
    Orc (1/2) D:9

Altars:
Ashenzari
Cheibriados
Dithmenos
Elyvilon
Fedhas
Gozag
Hepliaklqana
Kikubaaqudgha
Makhleb
Nemelex Xobeh
Okawaru
Qazlal
Ru
Sif Muna
Trog
Uskayaw
Vehumet
Wu Jian
Xom
Yredelemnul
Zin
The Shining One

Shops:
D:5 %

Portals:
Trove: D:10 (give 6 scrolls of blinking)


Innate Abilities, Weirdness & Mutations

You are resistant to torment.
Your stone body is resilient. (AC +10)
You are immune to poison.
Your large and strong wings let you fly indefinitely.
You resist negative energy. (rN+)
You are resistant to electric shocks. (rElec)
You can survive without breathing.
You are immune to petrification.
You are immune to rotting.
Your flesh is heat resistant. (rF+)
Potions are less effective at restoring your health.
You expend magic power (3 MP) to strengthen your wands.


Message History

* * * LOW HITPOINT WARNING * * *
The entropy weaver hits you but does no damage. x3
The entropy weaver mumbles some strange words.
The entropic weave corrodes you!
Your surroundings suddenly seem different.
A wolf spider comes into view. x2
The wolf spider barely misses you.
The wolf spider bites you but does no damage.
Found a robe.
Found a stone staircase leading down.
You feel like a meek peon again.
The wolf spider hits you but does no damage.
The wolf spider closely misses you.
The wolf spider hits you but does no damage.
The wolf spider bites you.
* * * LOW HITPOINT WARNING * * *
Okay, then.
The wolf spider closely misses you.
The wolf spider bites you but does no damage.
The wolf spider hits you!
You die...

##### #...# ####.
##...# #....#
#.#....###....>.
#...@s.#........
....####s..........
. ##..........
#..........
#^.....[....
##..........
##........#
#.......##
..........


You could see 2 wolf spiders.

Vanquished Creatures
  Rupert (Lair:4)
  Gastronok (Lair:1)
  Kirke (Lair:4)
  A frost giant (IceCv)
  5 hydras
  6 two-headed ogres
  4 catoblepae (Lair:6)
  6 death yaks (Lair:6)
  An unseen horror (D:10)
  2 manticores (Lair:6)
  10 elephants
  2 ice statues (IceCv)
  3 merfolk sirens (Lair:4)
  Joseph (Lair:1)
  6 black mambas
  2 gargoyles (D:10)
  13 spiny frogs
  A demonic crawler (Spider:1)
  A torpor snail (Lair:5)
  4 rime drakes
  7 komodo dragons
  A merfolk (Lair:4)
  A troll (D:10)
  A jumping spider (Spider:1)
  16 polar bears
  Grinder (D:3)
  4 blink frogs (Lair:4)
  6 hippogriffs
  5 redbacks (Spider:1)
  A spriggan (D:7)
  A tarantella (Spider:1)
  3 hogs (Lair:4)
  39 yaks
  7 basilisks
  A wyvern (D:9)
  3 hungry ghosts
  2 wargs (Lair:1)
  Menkaure (D:4)
  A two-headed ogre zombie (D:9)
  15 water moccasins
  12 ice beasts
  8 porcupines
  A sky beast (D:10)
  6 orc warriors
  A phantom (D:9)
  2 ogres
  16 wolves
  2 centaurs (D:9)
  11 crocodiles
  2 big kobolds
  8 bullfrogs
  A gnoll sergeant (D:7)
  A wyvern zombie (D:8)
  3 scorpions
  A water moccasin skeleton (D:6)
  5 wights (D:8)
  3 howler monkeys (D:8)
  5 crimson imps
  A bullfrog zombie (D:10)
  2 centaur zombies
  4 hounds
  3 jellies
  6 orc priests
  3 bullfrog skeletons (D:4)
  11 orc wizards
  4 centaur skeletons
  Ijyb (D:3)
  4 worker ants
  7 ogre zombies (D:9)
  20 adders
  9 gnolls
  2 shadow imps
  4 oozes (Lair:6)
  2 adder skeletons (D:4)
  An adder zombie (D:6)
  6 worms
  3 dart slugs
  14 leopard geckos
  42 orcs
  8 bats
  9 giant cockroaches
  5 goblins (D:1)
  4 hobgoblins
  16 jackals
  16 kobolds
  4 quokkas
  5 ball pythons
  5 frilled lizards
  2 goblin skeletons (D:9)
  3 goblin zombies (D:9)
  3 hobgoblin zombies (D:9)
  An orc skeleton (D:9)
  16 orc zombies (D:9)
  A quokka skeleton (D:9)
  3 rats
525 creatures vanquished.

Vanquished Creatures (others)
  An orc wizard (D:6)
  An orc (D:4)
  A bush (Lair:6)
  26 fungi
  22 plants
51 creatures vanquished.

Grand Total: 576 creatures vanquished

Notes
Turn   | Place    | Note
-------+----------+-------------------------------------------
     0 | D:1      | digijack the Gargoyle Fighter began the quest for the Orb.
     0 | D:1      | Reached XP level 1. HP: 14/14 MP: 1/1
   307 | D:1      | Reached XP level 2. HP: 19/19 MP: 2/2
   443 | D:1      | Reached XP level 3. HP: 22/23 MP: 3/3
   810 | D:2      | Found a shattered altar of Ashenzari.
  1323 | D:2      | Reached XP level 4. HP: 29/29 MP: 4/4
  1905 | D:3      | Noticed Ijyb
  1914 | D:3      | Killed Ijyb
  1914 | D:3      | Reached XP level 5. HP: 33/33 MP: 5/5
  2182 | D:3      | Found a glowing drain.
  2187 | Sewer    | Entered a sewer
  2491 | Sewer    | Reached XP level 6. HP: 27/39 MP: 6/6
  2800 | D:3      | Found a blossoming altar of Fedhas.
  2944 | D:3      | Noticed Grinder
  2960 | D:3      | Paralysed by Grinder for 5 turns
  2968 | D:3      | Killed Grinder
  2968 | D:3      | Reached skill level 5 in Fighting
  2968 | D:3      | Reached skill level 5 in Armour
  2968 | D:3      | Reached skill level 5 in Shields
  2968 | D:3      | Reached XP level 7. HP: 34/44 MP: 7/7
  3651 | D:4      | Reached XP level 8. HP: 51/51 MP: 8/8
  3682 | D:4      | Noticed Menkaure
  3977 | D:4      | Killed Menkaure
  3977 | D:4      | Reached skill level 5 in Maces & Flails
  4072 | D:4      | Found a burning altar of Makhleb.
  4073 | D:4      | Found a radiant altar of Vehumet.
  4491 | D:5      | Entered Level 5 of the Dungeon
  4826 | D:5      | Found a staircase to the Ecumenical Temple.
  4833 | Temple   | Entered the Ecumenical Temple
  4975 | Temple   | Became a worshipper of Warmaster Okawaru
  5133 | D:5      | Found Fiwysas's Food Emporium.
  5826 | D:6      | Reached XP level 9. HP: 56/56 MP: 9/9
  6038 | D:6      | Reached * piety under Okawaru
  6293 | D:6      | Found a deep blue altar of Sif Muna.
  6341 | D:6      | Found an opulent altar of Gozag.
  6418 | D:7      | Found a shimmering altar of Xom.
  6418 | D:7      | Found a shimmering altar of Xom.
  6444 | D:7      | Found a shimmering altar of Xom.
  6445 | D:7      | Found a shimmering altar of Xom.
  6445 | D:7      | Found a shimmering altar of Xom.
  6466 | D:7      | Found a shimmering altar of Xom.
  6536 | D:7      | Found a shimmering altar of Xom.
  7258 | D:8      | Noticed a two-headed ogre
  7589 | D:8      | Noticed a two-headed ogre
  7600 | D:8      | Killed a two-headed ogre
  7600 | D:8      | Reached ** piety under Okawaru
  7600 | D:8      | Reached XP level 10. HP: 59/64 MP: 10/10
  7600 | D:8      | Noticed a two-headed ogre
  7614 | D:8      | Killed a two-headed ogre
  7662 | D:8      | Reached *** piety under Okawaru
  7669 | D:8      | Noticed a two-headed ogre
  7681 | D:8      | Killed a two-headed ogre
  7926 | D:8      | Noticed a two-headed ogre
  7945 | D:8      | Killed a two-headed ogre
  7945 | D:8      | Reached skill level 1 in Throwing
  8153 | D:8      | Killed a two-headed ogre
  8153 | D:8      | Reached **** piety under Okawaru
  8363 | D:8      | Found a bloodstained altar of Trog.
  8746 | D:9      | Learned a level 3 spell: Regeneration
  8753 | D:9      | Learned a level 1 spell: Pain
  8776 | D:9      | Reached XP level 11. HP: 71/71 MP: 11/11
  8896 | D:9      | Found a staircase to the Orcish Mines.
  9597 | D:10     | Entered Level 10 of the Dungeon
  9620 | D:10     | Reached ***** piety under Okawaru
  9714 | D:10     | Found a portal to a secret trove of treasure.
  9736 | D:10     | Found a hide-covered altar of Uskayaw.
  9740 | D:10     | Noticed a two-headed ogre
  9769 | D:10     | Killed a two-headed ogre
  9769 | D:10     | Reached skill level 10 in Fighting
  9769 | D:10     | Reached skill level 10 in Armour
  9769 | D:10     | Reached skill level 10 in Shields
 10204 | D:10     | Received a gift from Okawaru
 10571 | D:10     | Received a gift from Okawaru
 10587 | D:10     | Got a brightly glowing great mace {god gift}
 10593 | D:10     | Identified the +6 great mace of the Badger {flame, rElec rPois rF+ Dex-2} (Okawaru gifted it to you on level 10 of the Dungeon)
 10606 | D:10     | Found a staircase to the Lair.
 10644 | D:10     | Killed an unseen horror
 10999 | Orc:1    | Entered Level 1 of the Orcish Mines
 10999 | Orc:1    | Noticed an orc sorcerer
 11057 | Lair:1   | Entered Level 1 of the Lair of Beasts
 11134 | Lair:1   | Noticed Joseph
 11150 | Lair:1   | Killed Joseph
 11212 | Lair:1   | Noticed Gastronok
 11388 | Lair:1   | Found a frozen archway.
 11397 | Lair:1   | Reached XP level 12. HP: 65/79 MP: 13/13
 11416 | IceCv    | Entered an ice cave
 11563 | IceCv    | Reached ****** piety under Okawaru
 11581 | IceCv    | Reached skill level 10 in Maces & Flails
 11583 | IceCv    | Received a gift from Okawaru
 12410 | IceCv    | Gained mutation: You have a pair of small horns on your head. [potion of mutation]
 12410 | IceCv    | Gained mutation: Your muscles are strong. (Str +2) [potion of mutation]
 12410 | IceCv    | Gained mutation: You expend magic power (3 MP) to strengthen your wands. [potion of mutation]
 12411 | IceCv    | Lost mutation: Your muscles are strong. (Str +2) [potion of mutation]
 12411 | IceCv    | Lost mutation: You expend magic power (3 MP) to strengthen your wands. [potion of mutation]
 12411 | IceCv    | Gained mutation: You are weak. (Str -2) [potion of mutation]
 12411 | IceCv    | Gained mutation: You evolve. [potion of mutation]
 12523 | IceCv    | Lost mutation: You are weak. (Str -2) [evolution]
 13081 | IceCv    | Noticed a frost giant
 13101 | IceCv    | Killed a frost giant
 13640 | Lair:1   | Killed Gastronok
 13640 | Lair:1   | Received a gift from Okawaru
 13643 | Lair:1   | Got an encrusted morningstar {god gift}
 13645 | Lair:1   | Identified the +3 morningstar of Kismet {drain, +Rage Dex+3 SInv} (Okawaru gifted it to you on level 1 of the Lair of Beasts)
 13720 | Lair:1   | Noticed a six-headed hydra
 13759 | Lair:1   | Killed a six-headed hydra
 13853 | Lair:1   | Reached XP level 13. HP: 46/85 MP: 14/14
 14567 | Lair:2   | Found a hole to the Spider Nest.
 14615 | Lair:2   | Received a gift from Okawaru
 15196 | Lair:2   | Gained mutation: Potions are less effective at restoring your health. [evolution]
 15682 | Lair:3   | Got a scorched dagger
 15683 | Lair:3   | Identified the +0 dagger of Intuition {freeze, rN+} (You found it on level 3 of the Lair of Beasts)
 15974 | Lair:3   | Learned a level 1 spell: Freeze
 17455 | Lair:4   | Noticed Kirke
 17472 | Lair:4   | Killed Kirke
 17472 | Lair:4   | Received a gift from Okawaru
 17473 | Lair:4   | Got a scorched ring mail {god gift}
 17494 | Lair:4   | Identified the +1 ring mail "Ypsuho Vubo" {rElec Str+5} (Okawaru gifted it to you on level 4 of the Lair of Beasts)
 17609 | Lair:4   | Noticed Rupert
 17623 | Lair:4   | Killed Rupert
 17639 | Lair:4   | Gained mutation: Your large and strong wings let you fly indefinitely. [Gargoyle growth]
 17639 | Lair:4   | Reached XP level 14. HP: 50/94 MP: 15/15
 17981 | Lair:4   | Found a staircase to the Shoals.
 19176 | Lair:6   | Entered Level 6 of the Lair of Beasts
 19469 | Lair:6   | Received a gift from Okawaru
 19494 | Lair:6   | Got a pair of faintly humming gloves {god gift}
 19505 | Lair:6   | Identified the +3 pair of gloves of Free Expression {Str+3} (Okawaru gifted it to you on level 6 of the Lair of Beasts)
 19527 | Lair:6   | Found a staircase to the Slime Pits.
 19992 | Lair:6   | Lost mutation: You evolve. [potion of mutation]
 19992 | Lair:6   | Lost mutation: You have a pair of small horns on your head. [potion of mutation]
 19992 | Lair:6   | Gained mutation: You expend magic power (3 MP) to strengthen your wands. [potion of mutation]
 19992 | Lair:6   | Gained mutation: Your flesh is heat resistant. (rF+) [potion of mutation]
 21233 | Lair:6   | Received a gift from Okawaru
 21598 | Spider:1 | Entered Level 1 of the Spider Nest
 21745 | Spider:1 | Noticed an entropy weaver
 21765 | Spider:1 | HP: 3/96 [entropy weaver (8)]
 21771 | Spider:1 | Slain by a wolf spider

Vault maps used:
D:1:      moated_graveyard_arrival, minivault_11
D:2:      nicolae_ashenzari_panopticon, kennysheep_cross_room, st_stairs_12
D:3:      fedhas_altar_3, first_ration, portal_sewer_entry_e,
          kennysheep_generic_room_6, uniq_ijyb, uniq_crazy_yiuf_cottage,
          uniq_grinder
D:4:      grunt_temple_overflow_lords_of_destruction, serial_glass,
          glass_columns_a, glass_columns_a, due_unseen_surprise,
          feat_on_display, lemuel_another_geyser, uniq_menkaure
D:5:      minmay_temple_entry_grid, serial_shops, shop
D:6:      kennysheep_orc_sif_temple, lemuel_doored_altar
D:7:      the_bakery, xom_shifter_show
D:8:      lightli_temple_of_fire
D:9:      zombieorc2_lemuel
D:10:     david_lair_generic, enter_trove_2, minmay_ruined_shrine
Temple:   eino_temple_rhombus
Lair:1:   beast_lair_carwin_large_2, portal_ice_cave_entry_ice_beasts,
          lemuel_fruit_tree, uniq_joseph, uniq_gastronok
Lair:2:   spider_nest_entry_web_field
Lair:4:   elwin_shoals_entry_stream, kennysheep_basilisk_garden, uniq_kirke,
          uniq_rupert
Lair:5:   grunt_megastairs_1
Lair:6:   evilmike_catoblepas_cave, nicolae_slime_entry_slimehenge
Spider:1: hangedman_spider_trapstep
Orc:1:    mines1_david, uniq_fannar
Sewer:    sewer_frog_island_01
IceCv:    ice_cave_small_giant

Skill      XL: |  1  2  3  4  5  6  7  8  9 10 11 12 13 14 |
---------------+-------------------------------------------+-----
Fighting       | 4 5 6 8 9 10 11 13 14 | 14.7
Shields        | 4 5 7 8 9 10 11 12 | 12.0
Armour         | 4 5 6 8 9 10 11 13 14 | 14.7
Maces & Flails | 3 4 6 7 8 9 10 12 13 | 13.5
Throwing       | 1 |  1.7
Spellcasting   | |  0.6
Charms         | |  0.6

Action                   |  1- 3 |  4- 6 |  7- 9 | 10-12 | 13-15 || total
-------------------------+-------+-------+-------+-------+-------++-------
Melee: Flail             |   116 |   321 |   610 |   553 |       ||  1600
       Great mace        |       |       |       |   228 |   568 ||   796
       Headbutt          |       |       |       |    24 |    88 ||   112
 Fire: Fustibalus        |       |       |       |     5 |       ||     5
Throw: Stone             |       |       |       |     1 |     5 ||     6
Invok: Heroism           |       |       |     1 |       |     1 ||     2
 Abil: Evoke Berserk Rag |       |       |     5 |     2 |     1 ||     8
Evoke: Wand              |       |       |    16 |    28 |    18 ||    62
  Use: Scroll            |     5 |     2 |     9 |     4 |     8 ||    28
       Potion            |       |     3 |     2 |     6 |     4 ||    15
 Stab: Paralysed         |       |       |       |     7 |       ||     7
       Petrified         |       |       |       |       |     4 ||     4
       Petrifying        |       |       |       |       |     2 ||     2
  Eat: Chunk             |     1 |     7 |    18 |    23 |    21 ||    70
       Ration            |       |       |     1 |     2 |     2 ||     5
Armor: Scale mail        |    58 |   197 |     5 |       |       ||   260
       Skin              |       |     3 |       |       |       ||     3
       Chain mail        |       |       |   377 |   555 |   597 ||  1529
Dodge: Dodged            |    34 |    87 |   148 |   237 |   249 ||   755
Block: Shield            |    75 |   182 |   428 |   296 |       ||   981

Table legend:
 A = Spawn XP
 B = Non-spawn XP
 C = Spawn XP percentage of total XP
 D = Spawn monster count
 E = Non-spawn monster count
 F = Spawn count percentage of total count
 G = Total turns spent on level
                    A         B        C        D         E        F      G
               +---------+---------+-------+---------+---------+-------+---------
         Total |       0 |   86186 |   0.0 |       0 |     526 |   0.0 | 21771
               +---------+---------+-------+---------+---------+-------+---------
           D:1 |       0 |      41 |   0.0 |       0 |      21 |   0.0 |   650
           D:2 |       0 |      92 |   0.0 |       0 |      18 |   0.0 |  1165
           D:3 |       0 |     442 |   0.0 |       0 |      21 |   0.0 |  1043
           D:4 |       0 |     879 |   0.0 |       0 |      33 |   0.0 |  1064
           D:5 |       0 |     224 |   0.0 |       0 |      24 |   0.0 |   972
           D:6 |       0 |     976 |   0.0 |       0 |      35 |   0.0 |   801
           D:7 |       0 |     537 |   0.0 |       0 |      10 |   0.0 |   801
           D:8 |       0 |    5655 |   0.0 |       0 |      34 |   0.0 |  1484
           D:9 |       0 |    2017 |   0.0 |       0 |      64 |   0.0 |   967
          D:10 |       0 |    5839 |   0.0 |       0 |      31 |   0.0 |  1390
        Lair:1 |       0 |    7038 |   0.0 |       0 |      24 |   0.0 |  1047
        Lair:2 |       0 |    5392 |   0.0 |       0 |      18 |   0.0 |  1332
        Lair:3 |       0 |    5242 |   0.0 |       0 |      22 |   0.0 |  1115
        Lair:4 |       0 |   13392 |   0.0 |       0 |      29 |   0.0 |  1786
        Lair:5 |       0 |    4693 |   0.0 |       0 |      19 |   0.0 |   737
        Lair:6 |       0 |   22212 |   0.0 |       0 |      60 |   0.0 |  2378
      Spider:1 |       0 |    2017 |   0.0 |       0 |       8 |   0.0 |   173
         Sewer |       0 |     259 |   0.0 |       0 |      19 |   0.0 |   569
         IceCv |       0 |    9239 |   0.0 |       0 |      36 |   0.0 |  2146
               +---------+---------+-------+---------+---------+-------+---------
